Map: Lerilak Crest

Players

juhyg

  • Race: Zerg Zerg
  • League: Bronze

Ryz - Winner!

  • Race: Zerg Zerg
  • League: Bronze

VOD

Have the link to the VOD?

Description

Time

  • Played on: Feb. 5, 2016, 8:22 p.m.
  • Length: 4:09
Show
View Real Time Build Order
Export as new Build Order

juhyg Zerg 

Build Orders: Hatch First 

Get SALT Encoding   

  12  0:31  Hatchery  
  11  0:46  Drone x3  
  14  1:01  Spawning Pool  
  13  1:08  Overlord  
  13  1:16  Overlord  
  13  1:21  Drone  
  14  1:29  Drone  
  15  1:43  Drone  
  16  1:48  Queen  
  16  1:52  Drone  
  19  2:01  Drone x2  
  19  2:08  Drone x2  
  23  2:14  Extractor  
  23  2:15  Drone  
  23  2:18  Drone  
  24  2:24  Drone  
  25  2:41  Drone x3  
  28  2:45  Drone  
  29  2:52  Zergling x2  
  30  3:00  Extractor  
  30  3:04  Drone x2  
  31  3:07  Drone  
  32  3:13  Roach Warren  
  33  3:44  Drone x3  
  33  3:48  Overlord x4  
Show
View Real Time Build Order
Export as new Build Order

Ryz Zerg - Winner!

Build Orders: Hatch First 

Get SALT Encoding   

  12  0:01  Drone  
  13  0:13  Drone  
  14  0:16  Overlord  
  14  0:45  Hatchery  
  14  0:46  Drone  
  14  1:05  Spawning Pool  
  14  1:06  Drone  
  14  1:10  Drone  
  15  1:14  Drone  
  16  1:25  Drone, Extractor  
  15  1:29  Drone  
  17  1:37  Extractor  
  16  1:53  Queen  
  18  2:01  Drone x3  
  21  2:02  Drone  
  21  2:06  Queen  
  24  2:16  Metabolic Boost  
  24  2:34  Evolution Chamber  
  24  2:36  Zergling x2  
  24  2:41  Queen  
  26  2:50  Drone x2  
  28  2:52  Overlord  
  28  3:15  Zergling x6  
  28  3:16  Zergling x6  
  34  3:40  Zergling x4  
  36  3:47  Overlord x3  
Tags
 
Add a new tag
Caveats
  • Supply blocks, unpowered buildings, or Contaminate may cause inaccurate times.
  • Supply counts are checked every 10 seconds.